AoeStats
← samil.nergiz07

Migration

507106797Analyzed
1v1 RM · 16d ago on Sep 16, 2026· 38m 37s· 2 players
Game mode
Random Map
Map size
132×132
Population
200
Speed
Normal
Resources
Standard
Victory
Conquest
Starting age
Dark Age
Ending age
Imperial Age
RankedLock teamsTeams togetherTeam positionsShared explorationLock speedFull tech treeHidden civsTurbo modeCheats
Victory
Defeat
🇸🇰 Magyars · Slovakia
459
+11
🇹🇷 Cumans · Türkiye
357
-11
samil.nergiz07
12:46 Feudal Age
14:58 Fishing Lines
15:18 Double-Bit Axe
26:50 Man-at-Arms
36:07 Castle Age
36:29 Demolition Ship
37:20 Medium Warships
Riki
2:35 Loom
11:24 Feudal Age
13:40 Wheelbarrow
13:56 Double-Bit Axe
14:52 Fishing Lines
18:02 Horse Collar
20:33 Castle Age
19:50 Gold Mining
19:51 Stone Mining
21:14 Scale Barding Armor
21:31 Gillnets
22:57 Gold Shaft Mining
22:36 Bow Saw
22:30 Town Watch
22:26 Demolition Ship
24:41 Town Patrol
25:00 Heavy Plow
25:19 Medium Warships
29:51 Murder Holes
30:06 Masonry
33:12 Imperial Age
30:46 Padded Archer Armor
30:47 Scale Mail Armor
31:58 Ballistics
34:02 Corvinian Army
35:15 Heated Shot
36:31 Fletching
36:57 Leather Archer Armor
39:47 Hoardings
Connection lost

Rejoining the realm…

Still unreachable

The connection could not be restored.

Session expired

The server has moved on; the page needs a fresh start.